Cogmind - Beta 13 *** ADVENTURER MODE // 2024.04.24 @ 19:42:01 Player: MrElektro Result: Destroyed by D-53 Grenadier with Mini Grenade Launcher Performance ------------- Evolutions (0) 0 Regions Visited (4) 800 Robots Destroyed (13) 65 Value Destroyed (178) 178 Prototype IDs (23) 460 Alien Tech Used (0) 0 Bonus (300) 300 TOTAL SCORE: 1803 Bonus ------- Aligned with FarCom 300 Cogmind --------- Core Integrity 0/250 Matter 300/300 Energy 71/100 System Corruption 4% Temperature Cool (0) Movement Core (100) Ox1 Location -9/Mines Parts ------- > --- POWER (1) -------- (None) > --- PROPULSION (2) --- (None) > --- UTILITY (2) ------ Signal Interpreter Trap Reconfigurator > --- WEAPON (2) ------- Longsword +1 > --- INVENTORY (5) ---- Aluminum Leg Large Storage Unit Seismic Detector ECM Suite Light Assault Rifle Peak State ------------ > --- POWER ------------ Light Ion Engine > --- PROPULSION ------- Aluminum Leg Aluminum Leg > --- UTILITY ---------- Signal Interpreter Trap Reconfigurator > --- WEAPON ----------- Medium Laser Longsword +1 > --- INVENTORY -------- Aluminum Leg Large Storage Unit Seismic Detector ECM Suite Light Assault Rifle [Rating: 22] Favorites ----------- Power Light Ion Engine Engine Light Ion Engine Propulsion Aluminum Leg Leg Aluminum Leg Utility Signal Interpreter Device ECM Suite Storage Medium Matter Pod Processor Signal Interpreter Weapon Medium Laser Energy Gun Medium Laser Ballistic Gun Light Assault Rifle Slashing Weapon Longsword +1 Build | -11 -10 -10 -10 -9 ------- Run | Yrd Mat Min Exi Min Slots Evolved . | . . . . . Power . | . . . . . Propulsion . | . . . . . Utility . | . . . . . Weapon . | . . . . . Parts Attached 15 | 6 3 1 4 1 Power 2 | 1 . . 1 . Engine 2 | 1 . . 1 . Core . | . . . . . Reactor . | . . . . . Propulsion 4 | 3 . 1 . . Treads . | . . . . . Leg 4 | 3 . 1 . . Wheel . | . . . . . Hover . | . . . . . Flight . | . . . . . Utility 4 | . 3 . 1 . Device 2 | . 1 . 1 . Storage 1 | . 1 . . . Processor 1 | . 1 . . . Hackware . | . . . . . Protection . | . . . . . Artifact . | . . . . . Weapon 5 | 2 . . 2 1 Energy Gun 1 | 1 . . . . Energy Cannon . | . . . . . Ballistic Gun 2 | 1 . . 1 . Ballistic Cannon . | . . . . . Launcher . | . . . . . Special Weapon . | . . . . . Impact Weapon . | . . . . . Slashing Weapon 2 | . . . 1 1 Piercing Weapon . | . . . . . Special Melee Weapon . | . . . . . Unidentified Prototypes 2 | . . . 2 . Parts Lost 4 | . . . . 4 Power 1 | . . . . 1 Propulsion 2 | . . . . 2 Utility . | . . . . . Weapon 1 | . . . . 1 Highest Loss Streak 2 | . . . . 2 To Critical Strikes . | . . . . . Average Slot Usage (%) 96 | . 93 100 99 89 Engine 13 | . 14 14 14 9 Leg 28 | . 28 28 28 28 Device 13 | . 12 14 14 14 Processor 12 | . 6 14 14 14 Energy Gun 13 | . 14 14 14 8 Ballistic Gun 12 | . 14 14 13 2 Slashing Weapon 1 | . . . . 11 Naked Turns . | . . . . . Heaviest Build 10 | 6 10 8 8 9 Greatest Support 20 | 20 20 20 20 20 Greatest Overweight (x) . | . . . . . Average Overweight (x) . | . . . . . Largest Inventory Capacity 5 | 5 5 5 5 5 Average Capacity 5 | 5 5 5 5 5 Most Carried 5 | 5 5 5 5 5 Average Carried 4 | 1 4 4 4 5 Final Capacity 5 | 5 5 5 5 5 Final Carried 5 | 5 5 5 5 5 Class Distribution -------------------- 100% | Mutant Dominant Class ---------------- Mutant | -10/Materials Mutant | -10/Mines Mutant | -10/Exiles Mutant | -9/Mines Resources | -11 -10 -10 -10 -9 ----------- Run | Yrd Mat Min Exi Min Matter Collected 408 | 263 46 34 28 37 Remotely . | . . . . . Salvage Created 317 | 34 46 76 . 161 Parts 26 | 3 4 8 . 11 Haulers Intercepted . | . . . . . Recyclers Shooed . | . . . . . Parts Field Recycled . | . . . . . Retrieved Matter . | . . . . . Parts Self-Destructed . | . . . . . Prevented . | . . . . . Kills | -11 -10 -10 -10 -9 ------- Run | Yrd Mat Min Exi Min Combat Hostiles Destroyed 17 | 1 1 5 . 10 Melee 9 | . . . . 9 Guns 8 | 1 1 5 . 1 Classes Destroyed 3 | 1 . 1 . 1 Swarmer 11 | . . 5 . 6 Grunt 2 | 1 1 . . . Assembled 4 | . . . . 4 Best Kill Streak 5 | 1 1 5 . 3 Combat Bots Only 5 | 1 1 5 . 3 Max Kills in Single Turn 1 | 1 1 1 . 1 Gunslinging . | . . . . . Exploded . | . . . . . Melee 1 | . . . . 1 Uniques/NPCs Destroyed . | . . . . . Combat | -11 -10 -10 -10 -9 -------- Run | Yrd Mat Min Exi Min Hostile Shots Fired 124 | 4 12 53 . 55 Missed 43 | 1 5 18 . 19 Damage Taken 836 | 26 43 207 . 560 Core 264 | 8 . 38 . 218 Absorbed by Shields . | . . . . . Ignored by Resistances 252 | 9 16 70 . 157 Core Remaining (%) 96 | 96 . . . . Volleys Fired 16 | 3 2 10 . 1 Largest 2 | 2 2 2 . 1 Hottest 70 | 70 70 70 . 50 Shots Fired 30 | 6 4 19 . 1 Gun 30 | 6 4 19 . 1 Cannon . | . . . . . Launcher . | . . . . . Special . | . . . . . Kinetic 15 | 3 2 10 . . Thermal 15 | 3 2 9 . 1 Explosive . | . . . . . Electromagnetic . | . . . . . Robot Hit Streak 6 | 4 5 6 . 2 Robot Miss Streak 2 | 1 . 2 . . Penetration Max . | . . . . . Secondary Targets 1 | . . 1 . . Max Gunslinging Chain 1 | . . 1 . . Shots Hit Robots 37 | 5 4 12 . 16 Core Hits 18 | 2 2 6 . 8 Critical Kills . | . . . . . Critical Parts Destroyed . | . . . . . Critical Strikes . | . . . . . Melee Attacks 15 | . . . . 15 Impact . | . . . . . Slashing 15 | . . . . 15 Piercing . | . . . . . Sneak Attacks . | . . . . . Combat Hostiles . | . . . . . Follow-up Attacks . | . . . . . Damage Inflicted 924 | 50 45 107 . 722 Guns 214 | 50 45 107 . 12 Cannons . | . . . . . Explosions . | . . . . . Melee 710 | . . . . 710 Ramming . | . . . . . Kinetic 102 | 25 20 57 . . Thermal 112 | 25 25 50 . 12 Explosive . | . . . . . Electromagnetic . | . . . . . Impact . | . . . . . Slashing 710 | . . . . 710 Piercing . | . . . . . Highest Corruption 4 | . . . . 4 Average Corruption 4 | . . . . 4 Corruption Purged . | . . . . . Corruption Blocked . | . . . . . Effects 7 | . . . . 7 Message Errors 2 | . . . . 2 Matter Fused 2 | . . . . 2 Data Loss (minor) 2 | . . . . 2 Data Loss (major) 1 | . . . . 1 Overload Shots . | . . . . . Overflow Damage 145 | . . . . 145 Projectiles . | . . . . . Explosions . | . . . . . Melee 145 | . . . . 145 Knockbacks . | . . . . . Impact . | . . . . . Kinetic . | . . . . . Secondary . | . . . . . Self-Inflicted Damage . | . . . . . Shots . | . . . . . Rammed . | . . . . . Targets Rammed . | . . . . . Kicked . | . . . . . Crushed . | . . . . . Highest Temperature 112 | 68 52 112 . 21 Average Temperature 41 | 38 28 53 . 6 Received Heat Transfer 170 | 18 12 . . 140 Siege Activations . | . . . . . Robots Corrupted . | . . . . . Combat Hostiles . | . . . . . Parts Fried . | . . . . . Impact Corruptions . | . . . . . Robots Melted . | . . . . . Combat Hostiles . | . . . . . Parts Melted 1 | 1 . . . . Heat Transferred 333 | 74 74 148 . 37 Parts Sabotaged . | . . . . . Parts Stolen . | . . . . . Parts Stripped . | . . . . . Power Chain Reactions . | . . . . . Alert | -11 -10 -10 -10 -9 ------- Run | Yrd Mat Min Exi Min Peak Influence 165 | 20 50 141 . 165 Initial 16 | . 11 16 . . Average 46 | 4 25 125 . 69 Maximum Alert Level . | . . . . . Low Security (%) 100 | 100 100 100 . 100 Level 1 . | . . . . . Level 2 . | . . . . . Level 3 . | . . . . . Level 4 . | . . . . . Level 5 . | . . . . . High Security . | . . . . . Max Security . | . . . . . Squads Dispatched . | . . . . . Investigation . | . . . . . Extermination . | . . . . . Reinforcement . | . . . . . Assault . | . . . . . Garrison . | . . . . . Intercept . | . . . . . Searches Triggered . | . . . . . Construction Impeded . | . . . . . Haulers Reinforced . | . . . . . Active Scanning Responses . | . . . . . Cargo Convoy Interrupts . | . . . . . Stealth | -11 -10 -10 -10 -9 --------- Run | Yrd Mat Min Exi Min Distress Signals . | . . . . . Communications Jammed . | . . . . . Distress Signals . | . . . . . Times Spotted 53 | 1 13 6 . 33 Peak Tracking Total 17 | 1 4 6 . 17 Tactical Retreats 3 | . 1 . . 2 Traps | -11 -10 -10 -10 -9 ------- Run | Yrd Mat Min Exi Min Traps Triggered . | . . . . . Indirectly . | . . . . . Trap Hack Attempts . | . . . . . Triggered . | . . . . . Disarmed . | . . . . . Reprogrammed . | . . . . . Reused . | . . . . . Traps Extracted . | . . . . . Installed . | . . . . . Triggered . | . . . . . Machines | -11 -10 -10 -10 -9 ---------- Run | Yrd Mat Min Exi Min Machines Disabled . | . . . . . Max in Single Turn . | . . . . . Machines Repaired . | . . . . . Machines Dismantled . | . . . . . Machines Sabotaged . | . . . . . Overloaded Fab Kills . | . . . . . Hacking | -11 -10 -10 -10 -9 --------- Run | Yrd Mat Min Exi Min Machines Accessed 7 | . 2 . 5 . Terminals 2 | . 2 . . . Fabricators . | . . . . . Repair Stations . | . . . . . Recycling Units . | . . . . . Scanalyzers . | . . . . . Garrison Access . | . . . . . Total Hacks 52 | . 2 . 50 . Successful 52 | . 2 . 50 . Failed . | . . . . . Catastrophic . | . . . . . Database Lockouts . | . . . . . Manual 3 | . 2 . 1 . Terminals 2 | . 2 . . . Fabricators . | . . . . . Repair Stations . | . . . . . Recycling Units . | . . . . . Scanalyzers . | . . . . . Garrison Access . | . . . . . Terminal Hacks 52 | . 2 . 50 . Record 50 | . 1 . 49 . Alert Level 1 | . 1 . . . Derelict Proto ID Bank 1 | . . . 1 . Fabricator Hacks . | . . . . . Repair Station Hacks . | . . . . . Recycling Unit Hacks . | . . . . . Scanalyzer . | . . . . . Garrison Access Hacks . | . . . . . Unauthorized Hacks . | . . . . . Terminals . | . . . . . Fabricators . | . . . . . Repair Stations . | . . . . . Recycling Units . | . . . . . Scanalyzers . | . . . . . Garrison Access . | . . . . . Data Cores Recovered . | . . . . . Used . | . . . . . Hacking Detections . | . . . . . Full Trace Events . | . . . . . Feedback Events . | . . . . . Feedback Blocked . | . . . . . Robot Schematics Acquired . | . . . . . Robots Built . | . . . . . Authchips . | . . . . . Time . | . . . . . Total Robot Build Rating . | . . . . . Part Schematics Acquired . | . . . . . Parts Built . | . . . . . Authchips . | . . . . . Time . | . . . . . Total Part Build Rating . | . . . . . Parts Repaired . | . . . . . Time . | . . . . . Parts Recycled . | . . . . . Recycled Matter . | . . . . . Retrieved Matter . | . . . . . Retrieved Components . | . . . . . Parts Scanalyzed . | . . . . . Part Schematics Acquired . | . . . . . Parts Damaged . | . . . . . Bothacking | -11 -10 -10 -10 -9 ------------ Run | Yrd Mat Min Exi Min Used RIF Installer . | . . . . . Robots Hacked . | . . . . . Non-combat . | . . . . . Combat . | . . . . . Robot Hacks Applied . | . . . . . Relay Couplers Released . | . . . . . Fabnet Peak Effective % . | . . . . . Robots Rewired . | . . . . . Allies Hacked . | . . . . . Hacks Repelled . | . . . . . Allies | -11 -10 -10 -10 -9 -------- Run | Yrd Mat Min Exi Min Total Allies . | . . . . . Largest Group . | . . . . . Highest-Rated Group . | . . . . . Highest-Rated Ally . | . . . . . Total Orders . | . . . . . Ally Attacks . | . . . . . Total Damage . | . . . . . Kills . | . . . . . Allies Corrupted . | . . . . . Allies Melted . | . . . . . Intel | -11 -10 -10 -10 -9 ------- Run | Yrd Mat Min Exi Min Robot Analysis Total . | . . . . . Derelict Logs Recovered 1 | . . . . 1 Drone Launches . | . . . . . Drone Recoveries . | . . . . . Exploration | -11 -10 -10 -10 -9 ------------- Run | Yrd Mat Min Exi Min Turns Passed 3088 | 151 731 166 1638 402 Spaces Moved 2313 | 118 516 114 1345 220 Core 17 | 17 . . . . Treads . | . . . . . Legs 2296 | 101 516 114 1345 220 Wheels . | . . . . . Hover . | . . . . . Flight . | . . . . . Fastest Speed 50 | 50 120 120 120 120 Average Speed 119 | 109 120 120 120 120 Slowest Speed 120 | 120 120 120 120 120 Overloaded Moves . | . . . . . Propulsion Burnouts . | . . . . . Robots Hopped . | . . . . . Cave-ins Triggered . | . . . . . Exploration Rate (%) 46 | 7 57 27 94 47 Regions Visited 4 Branch Regions 3 Pre-discovered Areas 1 | . . . 1 . Known Exits Taken 3 | . 1 1 1 . Unknown Exits Taken 1 | 1 . . . . Scrap Searched . | . . . . . Spaces Dug . | . . . . . Terrain Destroyed . | . . . . . Melee . | . . . . . Projectile . | . . . . . AOE . | . . . . . Terrain Rammed . | . . . . . Walls Destroyed . | . . . . . Machines Disabled . | . . . . . Actions | -11 -10 -10 -10 -9 --------- Run | Yrd Mat Min Exi Min Total 2597 | 131 624 126 1374 342 Wait 206 | . 98 . 3 105 Move 2309 | 117 515 113 1344 220 Hop . | . . . . . Pick Up 18 | 5 3 1 9 . Fast Attach 8 | 5 2 . 1 . Attach 4 | . 1 . 3 . Detach 1 | . . . 1 . Swap 3 | 1 . 1 . 1 Drop 14 | . 3 1 10 . Fire 16 | 3 2 10 . 1 Melee 15 | . . . . 15 Ram . | . . . . . Kick . | . . . . . Crush . | . . . . . Escape Stasis . | . . . . . Rewire 3 | . . . 3 . Trap . | . . . . . Miscellaneous . | . . . . . Route ------- -11/Scrapyard -10/Materials (discovered 2 exits: *Mat / *Min) -10/Mines -10/Exiles (discovered 2 exits: *Min x2) -9/Mines History --------- Turn | Location | Event 2 | -11/Scrapyard | Met Revision 17 104 | -11/Scrapyard | Discovered new exit (range 8) 152 | -11/Scrapyard | Entered Materials 316 | -10/Materials | Build established: Mutant 581 | -10/Materials | Discovered new exit (range 5) 588 | -10/Materials | Identified exit to Materials 814 | -10/Materials | Discovered new exit (range 8) 823 | -10/Materials | Identified exit to Mines 883 | -10/Materials | Entered Mines 1041 | -10/Mines | Deemed a non-threat by the Exiles lab entrance 1042 | -10/Mines | Discovered new exit (range 5) 1047 | -10/Mines | Identified exit to Exiles 1049 | -10/Mines | Entered Exiles 1100 | -10/Exiles | Met 8R-AWN 1139 | -10/Exiles | Met EX-HEX 1263 | -10/Exiles | Met EX-DEC 1340 | -10/Exiles | Learned location of Zion (-6) 1390 | -10/Exiles | Met EX-BIN 1646 | -10/Exiles | Discovered new exit (range 14) 1667 | -10/Exiles | Identified exit to Mines 1791 | -10/Exiles | Visited The Gauntlet 2049 | -10/Exiles | Discovered exit to Mines (range 15) 2298 | -10/Exiles | Aligned with FarCom system 2299 | -10/Exiles | Given EX-Vault access code 2335 | -10/Exiles | Opened EX-Vault 2345 | -10/Exiles | Found Prototype Slashing Weapon 2347 | -10/Exiles | Identified Longsword +1 2354 | -10/Exiles | Found Prototype Device 2355 | -10/Exiles | Identified Trap Reconfigurator 2435 | -10/Exiles | Warned to stay clear of 0b10 Research branches 2687 | -10/Exiles | Stole two prototypes: Trap Reconfigurator, Longsword +1 2687 | -10/Exiles | Entered Mines 2693 | -9/Mines | Learned Materials trap positions 2923 | -9/Mines | Assembled infested the area 2955 | -9/Mines | Core integrity fell below 50% 3086 | -9/Mines | Core integrity fell below 20% 3089 | -9/Mines | Destroyed by D-53 Grenadier with Mini Grenade Launcher Last Messages --------------- 02956_ D-53 Grenadier destroyed. 02956_ as-44667 destroyed. 02961_ as-83867 destroyed. 02965_ System corrupted: Matter fused (-6). 02967_ K-01 Serf collects debris. 02969_ Destroyed Asb. F-torch. 02969_ as-71032 destroyed. 02988_ JZI =BTNM7U>O|BQV,5LIXO1KERNR6T 02998_ K-01 Serf collects debris. 03011_ System corrupted: Component data lost. 03042_ System corrupted: Matter fused (-9). 03050_ Destroyed Flight Unit. 03050_ S-10 Pest destroyed. 03057_ Acquired 15 matter. 03073_ 6QQ7Q2L<&:OYU8 KVVHWU| 03083_ Aluminum Leg destroyed. 03084_ Destroyed Shock Absorption System. 03085_ Aluminum Leg destroyed. 03088_ Destroyed Lgt. Deuterium Engine. 03089_ System corrupted: Component data lost. Map ----- +----------------------------------------------------+ | ?????????????????# ##?????## ## ## # ### # | | ?????????????????# ##??### ## ##### % # | | ?????????????????# #### ## #???# ##### | | ???????????#???### ## % #??## ##?? | | ???????????#%### ### #?## ### | | ???????????#" ==%= ####?# #?# | | ??????????????#%[%%= ##????# #?# | | ??????????????##==[ % #?????# #?## ##### | | ???????????????# [ #?????# #??####???# | | ???????????????# # #?????# #?????????# | | ??????????????? # ##????## #?????????# | | ??????????????? ## #####?????# #?????????# | | ?????????????? ?###?######### ###?????????# | | ?????????????? #???????????# | | ????????????? ????######### #???????????# | | ????????????? ????????????# #???????????# | | ???????????? ???????????#[#########???# | | ???????????? ???########[= #???## | | ??????????? ??# %%%####### #????? | | ??????????? ### ######[#????????????? | | ???????????? #?#### #????#=#????????????? | | ??????????????????## # ###????# #????????????? | | ???????????????????# ## #??### ##???????????? | | ???????????????????## # #???????????? | | ?????????????????????# d ????????? | | ?????????????????????# @ ????????? | | ????????????????????# #???????????? | | ????????????????????## ########???????????? | | ?????????????????????# ##??????????????????? | | ?????????????????????## #??????????????????? | | ??????????????????????# #?????????????????? | | ??????????????????????#### #?????????????????? | | ??????????????????????????# #?????????????????? | | ??????????????????????????? #?????????????????? | | ??????????????????????????? #?????????????????? | | ??????????????????????????? ##?????????????????? | | ??????????????????????????? ##??????????????????? | | ????????????????????????????##???????????????????? | | ?????????????????????????????????????????????????? | | ?????????????????????????????????????????????????? | | ?????????????????????????????????????????????????? | | ?????????????????????????????????????????????????? | | ?????????????????????????????????????????????????? | | ?????????????????????????????????????????????????? | | ?????????????????????????????????????????????????? | | ?????????????????????????????????????????????????? | | ?????????????????????????????????????????????????? | | ?????????????????????????????????????????????????? | | ?????????????????????????????????????????????????? | | ?????????????????????????????????????????????????? | +----------------------------------------------------+ Best States ------------- Heat Dissipation 25 Energy Generation 10 Energy Capacity 125 Matter Stores 300 Matter Capacity 400 Sight Range 16 Terrain Scan Density 10 ECM Strength 1 Resistance: KI 20 Resistance: TH 20 Resistance: EX 20 Resistance: EM 20 Resistance: I 20 Resistance: S 20 Resistance: P 20 Evasion (%) 55 Offensive Hacking 10 Item Schematics ----------------- None Robot Schematics ------------------ None Fabricated ------------ Nothing Alien Tech Used ----------------- None Achievements -------------- None Challenges ------------ None Game ------ Seed WaveUltimateExpander Manual? 0 Play Time 00:37:44 Cumulative 4.4 hours Start 2024.04.23 @ 08:47:04 End 2024.04.24 @ 19:42:01 Sessions 2 Manual Loads 0 Difficulty Adventurer Special Mode None Game No. 4 Rogue 0 Adventurer 4 Explorer 0 Win Type - Total 0 Types 0/0/0/0/0/0/0/0/0 Lore% 13 Gallery% 11 Achievement% 9 Wizard Run 0 Options --------- Layout 0 ASCII 0 Keyboard 1 Movement Arrows Keybinds 0 Fullscreen 2 Font 36/Smallcaps Map View 76x50 Zoom Use 0% Tactical HUD 1 Map Filters NONE Filters NONE Steam 1 RUN: e9fc0ada-d2e2-4e97-85ca-59480a1d6450